TOP OF THE 1ST |
---|
Tuscaloosa Trout Slayers batting - Pitching for Detroit X-Wings : RHP Pat Monroe | Pitching: RHP Pat Monroe | | Batting: SHB Ryobe Yamamoto | 0-0: Ball 1-0: Ball 2-0: Ball 3-0: Called Strike 3-1: Called Strike 3-2: Foul Ball, location: 2F 3-2: TRIPLE (Flyball, 89XD) | Batting: RHB Alfredo Díaz | 0-0: Called Strike 0-1: Ball 1-1: Ball 2-1: Ground out 6-3 (Groundball, 6S) Ryobe Yamamoto scores | Batting: LHB Ed Hart | 0-0: Ball 1-0: Ball 2-0: Foul Ball, location: 2F 2-1: Called Strike 2-2: Ball 3-2: Fly out, F3 (Popup, 3SF) | Batting: RHB José Fernández | 0-0: Ball 1-0: Ball 2-0: Called Strike 2-1: Ball 3-1: Foul Ball, location: 2F 3-2: Base on Balls | Batting: RHB Shigemasa Ishida | 0-0: Ground out 6-3 (Groundball, 56) | Top of the 1st over - 1 run, 1 hit, 0 errors, 1 left on base; Tuscaloosa 1 - Detroit 0 | BOTTOM OF THE 1ST |
---|
Detroit X-Wings batting - Pitching for Tuscaloosa Trout Slayers : RHP Rafael Ramírez | Pitching: RHP Rafael Ramírez | | Batting: SHB Felipe Detorres | 0-0: Called Strike 0-1: Fly out, F8 (Flyball, 8RM) | Batting: SHB Javier Jiménez | 0-0: Ball 1-0: Called Strike 1-1: Foul Ball, location: 2F 1-2: Strikes out swinging | Batting: LHB Juan Jose Pineda | 0-0: Ball 1-0: Ground out 4-3 (Groundball, 4) | Bottom of the 1st over - 0 runs, 0 hits, 0 errors, 0 left on base; Tuscaloosa 1 - Detroit 0 | TOP OF THE 2ND |
---|
Tuscaloosa Trout Slayers batting - Pitching for Detroit X-Wings : RHP Pat Monroe | Batting: RHB Satoru Daikawa | 0-0: Ball 1-0: Fly out, F8 (Flyball, 8RS) | Batting: RHB Juan Reyes | 0-0: Swinging Strike 0-1: Ball 1-1: Swinging Strike 1-2: Ball 2-2: Ball 3-2: Fly out, F4 (Popup, 4M) | Batting: RHB Lynn Ford | 0-0: Ball 1-0: Called Strike 1-1: Swinging Strike 1-2: Strikes out looking | Top of the 2nd over - 0 runs, 0 hits, 0 errors, 0 left on base; Tuscaloosa 1 - Detroit 0 | BOTTOM OF THE 2ND |
---|
Detroit X-Wings batting - Pitching for Tuscaloosa Trout Slayers : RHP Rafael Ramírez | Batting: SHB Barrett Bowden | 0-0: Ball 1-0: Ball 2-0: Called Strike 2-1: SINGLE (Line Drive, 4) | Batting: RHB Chet Decker | 0-0: Ball 1-0: Ball Barrett Bowden is caught stealing 2nd base 2-0: Called Strike 2-1: Swinging Strike 2-2: Strikes out swinging | Batting: LHB Paul Alston | 0-0: Called Strike 0-1: Ball 1-1: Swinging Strike 1-2: SINGLE (Flyball, 78S) | Batting: RHB Mario Solís | 0-0: Called Strike 0-1: Foul Ball, location: 2F 0-2: SINGLE (Groundball, 56D) Paul Alston to second | Batting: RHB Enrique Aguilar | 0-0: Called Strike 0-1: Fly out, F7 (Flyball, 7) | Bottom of the 2nd over - 0 runs, 3 hits, 0 errors, 2 left on base; Tuscaloosa 1 - Detroit 0 | TOP OF THE 3RD |
---|
Tuscaloosa Trout Slayers batting - Pitching for Detroit X-Wings : RHP Pat Monroe | Batting: RHB Iván Moreno | 0-0: Ball 1-0: Ball 2-0: Ball 3-0: Foul Ball, location: 2F 3-1: Called Strike 3-2: Strikes out swinging | Batting: SHB Ryobe Yamamoto | 0-0: Called Strike 0-1: Ball 1-1: TRIPLE (Flyball, 89XD) | Batting: RHB Alfredo Díaz | 0-0: Ball 1-0: Ball 2-0: Foul Ball, location: 2F 2-1: Fly out, F2 (Popup, 2LF) | Batting: LHB Ed Hart | 0-0: Ball 1-0: Ball 2-0: Ball 3-0: Called Strike 3-1: Base on Balls | Batting: RHB José Fernández | 0-0: Called Strike 0-1: Called Strike 0-2: Foul Ball, location: 2F 0-2: Foul Ball, location: 2F 0-2: Foul Ball, location: 2F 0-2: Ball 1-2: Foul Ball, location: 2F 1-2: Ball 2-2: Ball 3-2: Fly out, F7 (Flyball, 7D) | Top of the 3rd over - 0 runs, 1 hit, 0 errors, 2 left on base; Tuscaloosa 1 - Detroit 0 | BOTTOM OF THE 3RD |
---|
Detroit X-Wings batting - Pitching for Tuscaloosa Trout Slayers : RHP Rafael Ramírez | Batting: LHB Leslie Adams | 0-0: Called Strike 0-1: Ball 1-1: Foul Ball, location: 2F 1-2: Ground out U3 (Groundball, 3) | Batting: SHB Felipe Detorres | 0-0: Called Strike 0-1: Foul Ball, location: 2F 0-2: Foul Ball, location: 2F 0-2: Strikes out swinging | Batting: SHB Javier Jiménez | 0-0: Ball 1-0: Foul Ball, location: 2F 1-1: Called Strike 1-2: Fly out, F7 (Flyball, 78M) | Bottom of the 3rd over - 0 runs, 0 hits, 0 errors, 0 left on base; Tuscaloosa 1 - Detroit 0 | TOP OF THE 4TH |
---|
Tuscaloosa Trout Slayers batting - Pitching for Detroit X-Wings : RHP Pat Monroe | Batting: RHB Shigemasa Ishida | 0-0: Ball 1-0: Called Strike 1-1: Swinging Strike 1-2: Strikes out swinging | Batting: RHB Satoru Daikawa | 0-0: Ground out 4-3 (Groundball, 4S) | Batting: RHB Juan Reyes | 0-0: Foul Ball, location: 2F 0-1: SOLO HOME RUN (Flyball, 7D), Distance : 384 ft | Batting: RHB Lynn Ford | 0-0: Ground out 5-3 (Groundball, 5) | Top of the 4th over - 1 run, 1 hit, 0 errors, 0 left on base; Tuscaloosa 2 - Detroit 0 | BOTTOM OF THE 4TH |
---|
Detroit X-Wings batting - Pitching for Tuscaloosa Trout Slayers : RHP Rafael Ramírez | Batting: LHB Juan Jose Pineda | 0-0: Ball 1-0: Foul Ball, location: 2F 1-1: Foul Ball, location: 2F 1-2: Strikes out looking | Batting: SHB Barrett Bowden | 0-0: Fly out, F4 (Popup, 4S) | Batting: RHB Chet Decker | 0-0: Ball 1-0: Swinging Strike 1-1: Ball 2-1: Foul Ball, location: 2F 2-2: Strikes out swinging | Bottom of the 4th over - 0 runs, 0 hits, 0 errors, 0 left on base; Tuscaloosa 2 - Detroit 0 | TOP OF THE 5TH |
---|
Tuscaloosa Trout Slayers batting - Pitching for Detroit X-Wings : RHP Pat Monroe | Batting: RHB Iván Moreno | 0-0: Called Strike 0-1: Swinging Strike 0-2: Ball 1-2: Strikes out swinging | Batting: SHB Ryobe Yamamoto | 0-0: Foul Ball, location: 2F 0-1: Ball 1-1: Foul Ball, location: 2F 1-2: Foul Ball, location: 2F 1-2: Ball 2-2: Ball 3-2: Foul Ball, location: 2F 3-2: Foul Ball, location: 2F 3-2: Fly out, F8 (Flyball, 78D) | Batting: RHB Alfredo Díaz | 0-0: Ball 1-0: Ball 2-0: Called Strike 2-1: Ball 3-1: Called Strike 3-2: Base on Balls | Pitching: RHP Howard Jewel | | Batting: LHB Ed Hart | 0-0: Foul Ball, location: 2F 0-1: Called Strike 0-2: Strikes out looking | Top of the 5th over - 0 runs, 0 hits, 0 errors, 1 left on base; Tuscaloosa 2 - Detroit 0 | BOTTOM OF THE 5TH |
---|
Detroit X-Wings batting - Pitching for Tuscaloosa Trout Slayers : RHP Rafael Ramírez | Batting: LHB Paul Alston | 0-0: Foul Ball, location: 2F 0-1: SINGLE (Groundball, 6D) | Batting: RHB Mario Solís | 0-0: Ball 1-0: Ball 2-0: Ball 3-0: Base on Balls Paul Alston to second | Batting: RHB Enrique Aguilar | 0-0: Called Strike 0-1: Swinging Strike 0-2: Ball 1-2: Ball 2-2: Strikes out swinging | Batting: LHB Leslie Adams | 0-0: Ball 1-0: Called Strike 1-1: Swinging Strike 1-2: Foul Ball, location: 2F 1-2: Ball 2-2: Strikes out swinging | Batting: SHB Felipe Detorres | 0-0: Fly out, F9 (Line Drive, 89XD) | Bottom of the 5th over - 0 runs, 1 hit, 0 errors, 2 left on base; Tuscaloosa 2 - Detroit 0 | TOP OF THE 6TH |
---|
Tuscaloosa Trout Slayers batting - Pitching for Detroit X-Wings : RHP Howard Jewel | Batting: RHB José Fernández | 0-0: Ball 1-0: Foul Ball, location: 2F 1-1: Ball 2-1: Swinging Strike 2-2: Ball 3-2: Base on Balls | Batting: RHB Shigemasa Ishida | 0-0: Swinging Strike 0-1: SINGLE (Groundball, 34S) (infield hit) José Fernández to second | Batting: RHB Satoru Daikawa | 0-0: Ball 1-0: Called Strike 1-1: Foul Ball, location: 2F 1-2: Fly out, F8 (Flyball, 8LD) | Batting: RHB Juan Reyes | 0-0: Ball 1-0: Grounds into double play, 6-4-3 (Groundball, 6) | Top of the 6th over - 0 runs, 1 hit, 0 errors, 1 left on base; Tuscaloosa 2 - Detroit 0 | BOTTOM OF THE 6TH |
---|
Detroit X-Wings batting - Pitching for Tuscaloosa Trout Slayers : RHP Rafael Ramírez | Batting: SHB Javier Jiménez | 0-0: Foul Ball, location: 2F 0-1: Ball 1-1: Ball 2-1: Foul Ball, location: 2F 2-2: SINGLE (Flyball, 8LS) | Batting: LHB Juan Jose Pineda | 0-0: Called Strike 0-1: Ball 1-1: Fly out, F8 (Line Drive, 8LD) | Batting: SHB Barrett Bowden | 0-0: Ball 1-0: Swinging Strike 1-1: Foul Ball, location: 2F 1-2: Strikes out looking | Batting: RHB Chet Decker | 0-0: Ball 1-0: Called Strike 1-1: Called Strike 1-2: Ball Wild Pitch! Javier Jiménez to second 2-2: 2-RUN HOME RUN (Flyball, 7D), Distance : 391 ft | Batting: LHB Paul Alston | 0-0: Ground out 6-3 (Groundball, 6) | Bottom of the 6th over - 2 runs, 2 hits, 0 errors, 0 left on base; Tuscaloosa 2 - Detroit 2 | TOP OF THE 7TH |
---|
Tuscaloosa Trout Slayers batting - Pitching for Detroit X-Wings : RHP Howard Jewel | Pinch Hitting: LHB Miguel Rosa | 0-0: Called Strike 0-1: Ball 1-1: Ball 2-1: Foul Ball, location: 2F 2-2: Foul Ball, location: 2F 2-2: Fly out, F7 (Flyball, 7S) | Pinch Hitting: LHB Mark Owens | 0-0: Ball 1-0: Called Strike 1-1: Ball 2-1: Ball 3-1: Base on Balls | Batting: SHB Ryobe Yamamoto | 0-0: Ball 1-0: Swinging Strike 1-1: Ball 2-1: Foul Ball, location: 2F 2-2: Foul Ball, location: 2F 2-2: Ground out U3 (Groundball, 34S) Mark Owens to second | Batting: RHB Alfredo Díaz | 0-0: Ball 1-0: Ball 2-0: Ball 3-0: Base on Balls | Batting: LHB Ed Hart | 0-0: Called Strike 0-1: Foul Ball, location: 2F 0-2: Fielders Choice at 2nd, 6-4 (Groundball, 6) | Top of the 7th over - 0 runs, 0 hits, 0 errors, 2 left on base; Tuscaloosa 2 - Detroit 2 | BOTTOM OF THE 7TH |
---|
Detroit X-Wings batting - Pitching for Tuscaloosa Trout Slayers : RHP Rafael Ramírez | Now at SS: José Ortega | | Now in RF: Miguel Rosa | | Batting: RHB Mario Solís | 0-0: Called Strike 0-1: Foul Ball, location: 2F 0-2: SINGLE (Line Drive, 56) | Batting: RHB Enrique Aguilar | 0-0: SINGLE (Flyball, 78S) Mario Solís to second | Batting: LHB Leslie Adams | 0-0: Bunted foul 0-1: Bunt missed! 0-2: DOUBLE (Line Drive, 9LS) Mario Solís scores Enrique Aguilar to third Runner from 3rd tries for Home, SAFE, throw made at trailing runner, OUT at third! | Batting: SHB Felipe Detorres | 0-0: Called Strike 0-1: Ball 1-1: Called Strike 1-2: Ball 2-2: Strikes out swinging, 2-3 out at first. | Batting: SHB Javier Jiménez | 0-0: Called Strike 0-1: Ball 1-1: DOUBLE (Flyball, 78XD) | Batting: LHB Juan Jose Pineda | 0-0: SINGLE (Line Drive, 8LS) Javier Jiménez to third Runner from 3rd tries for Home, SAFE, no throw | Pitching: RHP Marlon Ryan | | Batting: SHB Barrett Bowden | 0-0: Called Strike 0-1: Ball 1-1: Foul Ball, location: 2F 1-2: Ball 2-2: Strikes out swinging | Bottom of the 7th over - 3 runs, 5 hits, 0 errors, 1 left on base; Tuscaloosa 2 - Detroit 5 | TOP OF THE 8TH |
---|
Tuscaloosa Trout Slayers batting - Pitching for Detroit X-Wings : RHP Howard Jewel | Batting: RHB José Fernández | 0-0: Foul Ball, location: 2F 0-1: Ball 1-1: Ball 2-1: Foul Ball, location: 2F 2-2: Ball 3-2: SINGLE (Groundball, 5D) | Batting: RHB Shigemasa Ishida | 0-0: Ball 1-0: Ball 2-0: Ball 3-0: Called Strike 3-1: Base on Balls José Fernández to second | Batting: RHB Satoru Daikawa | 0-0: Ball 1-0: Fielders Choice at 2nd, 3-6 (Groundball, 34) José Fernández to third | Batting: RHB Juan Reyes | 0-0: SINGLE (Groundball, 34D) José Fernández scores Satoru Daikawa to second Runner from 2nd tries for 3rd, SAFE, throw made to third | Pitching: LHP Clarence Skerratt | | Pinch Hitting: RHB Kyle O'Day | 0-0: Ball 1-0: Foul Ball, location: 2F 1-1: Called Strike 1-2: Ball 2-2: Strikes out swinging | Pinch Hitting: RHB César Reyes | 0-0: Called Strike 0-1: Ball 1-1: Ball 2-1: Ball 3-1: Base on Balls Juan Reyes to second | Batting: SHB Ryobe Yamamoto | 0-0: Foul Ball, location: 2F 0-1: Ball 1-1: Ground out 4-3 (Groundball, 4) | Top of the 8th over - 1 run, 2 hits, 0 errors, 3 left on base; Tuscaloosa 3 - Detroit 5 | BOTTOM OF THE 8TH |
---|
Detroit X-Wings batting - Pitching for Tuscaloosa Trout Slayers : RHP Marlon Ryan | Now at SS: Jason Saunders | | Now in RF: Kyle O'Day | | Batting: RHB Chet Decker | 0-0: Swinging Strike 0-1: Ball 1-1: Foul Ball, location: 2F 1-2: Foul Ball, location: 2F 1-2: Ball 2-2: Foul Ball, location: 2F 2-2: Strikes out swinging | Batting: LHB Paul Alston | 0-0: Called Strike 0-1: Ball 1-1: SINGLE (Line Drive, 56) | Batting: RHB Mario Solís | 0-0: Ball 1-0: Called Strike 1-1: Called Strike 1-2: Ball 2-2: Foul Ball, location: 2F 2-2: Strikes out swinging | Batting: RHB Enrique Aguilar | 0-0: Ball 1-0: Ball 2-0: Ground out 4-3 (Groundball, 4) | Bottom of the 8th over - 0 runs, 1 hit, 0 errors, 1 left on base; Tuscaloosa 3 - Detroit 5 | TOP OF THE 9TH |
---|
Tuscaloosa Trout Slayers batting - Pitching for Detroit X-Wings : LHP Clarence Skerratt | Batting: RHB Alfredo Díaz | 0-0: Ball 1-0: Called Strike 1-1: Ground out 6-3 (Groundball, 6) | Batting: LHB Ed Hart | 0-0: Ball 1-0: Called Strike 1-1: Called Strike 1-2: Strikes out looking | Batting: RHB José Fernández | 0-0: Ball 1-0: Ground out 6-3 (Groundball, 6M) | Top of the 9th over - 0 runs, 0 hits, 0 errors, 0 left on base; Tuscaloosa 3 - Detroit 5 | |